AoeStats
← KootH.

Hideout

503230189Analyzed
4v4 RM · 1mo ago on Aug 30, 2026· 60m 19s· 8 players
Game mode
Random Map
Map size
Large (8 player)
Population
200
Speed
Normal
Resources
Standard
Victory
Conquest
Starting age
Dark Age
Ending age
Imperial Age
RankedLock teamsTeams togetherTeam positionsShared explorationLock speedFull tech treeHidden civsTurbo modeCheats
Victory
Defeat
🇹🇷 Hindustanis · Türkiye
1601
+6
🇨🇳 Persians · China
1516
+9
🇨🇴 Lithuanians · Colombia
1513
+9
🇲🇽 Britons · Mexico
1453
+11
🇨🇴 Persians · Colombia
1595
-19
🇲🇽 Mongols · Mexico
1414
-11
🇪🇨 Cumans · Ecuador
1303
-7
🇨🇴 Celts · Colombia
1062
-2
OM | Romeo D. Sins
6:23 Loom
8:40 Feudal Age
9:41 Double-Bit Axe
18:38 Castle Age
16:50 Horse Collar
18:23 Fletching
19:01 Stone Mining
19:33 Bow Saw
19:25 Bodkin Arrow
21:19 Padded Archer Armor
26:23 Padded Archer Armor
27:26 Leather Archer Armor
31:44 Imperial Age
31:14 Ballistics
32:18 Yeomen
31:56 Gold Mining
32:28 Bracer
33:41 Chemistry
33:23 Conscription
34:10 Ring Archer Armor
33:59 Elite Longbowman
36:14 Heavy Plow
36:52 Wheelbarrow
38:55 Murder Holes
41:56 Stone Mining
46:17 Two-Man Saw
46:49 Forging
46:40 Scale Mail Armor
46:48 Pikeman
47:28 Squires
47:14 Arson
47:47 Chain Mail Armor
48:07 Iron Casting
49:17 Plate Mail Armor
48:58 Caravan
48:56 Halberdier
52:07 Blast Furnace
57:57 Crossbowman
59:03 Arbalester
啥牌子的
10:20 Feudal Age
14:41 Castle Age
13:24 Double-Bit Axe
13:21 Horse Collar
15:35 Bow Saw
20:11 Heavy Plow
20:19 Husbandry
21:50 Bloodlines
22:16 Scale Barding Armor
24:13 Wheelbarrow
24:04 Chain Barding Armor
24:19 Loom
24:19 Town Watch
26:35 Forging
27:44 Gold Mining
31:26 Imperial Age
30:22 Iron Casting
32:24 Plate Barding Armor
31:27 Heavy Camel Rider
33:51 Hand Cart
34:59 Blast Furnace
34:32 Crop Rotation
35:06 Masonry
36:05 Cavalier
37:29 Savar
39:15 Gold Shaft Mining
38:34 Stone Mining
39:19 Conscription
39:03 Elite War Elephant
42:48 Two-Man Saw
43:09 Coinage
43:35 Light Cavalry
45:38 Banking
52:18 Stone Shaft Mining
52:26 Fletching
57:34 Caravan
KootH.
6:33 Loom
10:34 Feudal Age
12:09 Double-Bit Axe
14:31 Castle Age
15:38 Bow Saw
21:40 Husbandry
22:35 Horse Collar
24:32 Bloodlines
25:16 Wheelbarrow
27:03 Heavy Plow
32:36 Imperial Age
33:08 Forging
33:04 Scale Barding Armor
33:35 Cavalier
36:06 Chain Barding Armor
37:23 Paladin
40:09 Plate Barding Armor
40:49 Gold Mining
42:13 Iron Casting
41:10 Light Cavalry
42:35 Winged Hussar
46:22 Hand Cart
48:19 Padded Archer Armor
48:41 Fletching
49:45 Bodkin Arrow
50:05 Leather Archer Armor
54:57 Winged Hussar
55:03 Winged Hussar
The_OFLi
11:19 Feudal Age
12:45 Loom
15:34 Castle Age
17:01 Scale Mail Armor
17:35 Forging
17:38 Double-Bit Axe
18:16 Horse Collar
22:30 Arson
24:30 Squires
31:05 Bow Saw
32:38 Wheelbarrow
32:42 Grand Trunk Road
36:12 Imperial Age
34:15 Fortified Wall
36:41 Gold Mining
36:42 Stone Mining
37:56 Chemistry
36:57 Shatagni
37:18 Conscription
37:19 Padded Archer Armor
37:44 Hand Cart
38:26 Leather Archer Armor
41:35 Siege Engineers
44:15 Ring Archer Armor
44:50 Scale Barding Armor
45:21 Iron Casting
45:41 Town Watch
46:57 Chain Barding Armor
48:34 Coinage
48:13 Heavy Camel Rider
49:04 Bloodlines
48:55 Husbandry
49:11 Caravan
50:36 Plate Barding Armor
49:55 Imperial Camel Rider
52:02 Blast Furnace
58:53 Banking
59:40 Heavy Plow
60:48 Two-Man Saw
BP | ham.io
3:21 Loom
11:52 Feudal Age
17:11 Castle Age
15:49 Double-Bit Axe
16:31 Horse Collar
20:06 Fletching
23:08 Padded Archer Armor
24:14 Bodkin Arrow
25:46 Bloodlines
25:38 Husbandry
26:36 Ballistics
26:40 Bow Saw
27:22 Bloodlines
27:55 Leather Archer Armor
30:04 Wheelbarrow
34:54 Imperial Age
35:11 Capped Ram
36:26 Elite Mangudai
38:33 Drill
40:22 Bracer
40:55 Thumb Ring
42:29 Chemistry
42:50 Heavy Plow
43:07 Hand Cart
44:03 Siege Ram
47:42 Heavy Scorpion
49:58 Light Cavalry
50:49 Forging
50:44 Scale Barding Armor
jmolinao
6:45 Loom
10:41 Feudal Age
14:29 Castle Age
12:36 Double-Bit Axe
12:47 Horse Collar
15:21 Wheelbarrow
15:24 Bow Saw
20:29 Town Watch
21:50 Scale Barding Armor
22:17 Forging
22:58 Bloodlines
23:56 Fletching
24:20 Gold Mining
24:38 Husbandry
25:21 Heavy Plow
25:38 Hand Cart
26:13 Chain Barding Armor
27:08 Stone Mining
31:00 Imperial Age
30:15 Stone Shaft Mining
30:17 Iron Casting
30:40 Heavy Camel Rider
30:41 Cavalier
32:03 Plate Barding Armor
32:28 Blast Furnace
32:18 Savar
34:23 Crop Rotation
33:54 Town Patrol
34:30 Conscription
34:50 Hoardings
35:44 Chemistry
41:34 Light Cavalry
42:12 Bodkin Arrow
47:46 Ballistics
47:28 Padded Archer Armor
47:09 Pikeman
47:49 Squires
47:51 Scale Mail Armor
47:59 Halberdier
48:55 Chain Mail Armor
50:06 Plate Mail Armor
50:15 Hussar
51:56 Citadels
MANITAS DE TEMU
6:02 Loom
7:04 Loom
9:05 Feudal Age
10:34 Double-Bit Axe
10:48 Horse Collar
16:07 Wheelbarrow
22:36 Castle Age
21:53 Scale Barding Armor
21:59 Forging
22:02 Bloodlines
23:51 Chain Barding Armor
26:33 Iron Casting
28:14 Bow Saw
28:59 Town Watch
35:20 Imperial Age
35:21 Hand Cart
35:06 Town Patrol
35:25 Cavalier
36:43 Plate Barding Armor
37:09 Blast Furnace
37:34 Heavy Plow
37:21 Paladin
39:21 Two-Man Saw
38:52 Crop Rotation
42:57 Light Cavalry
44:20 Hussar
56:13 Steppe Husbandry
58:05 Elite Skirmisher
58:47 Padded Archer Armor
58:40 Fletching
59:52 Chemistry
59:13 Ballistics
59:51 Thumb Ring
60:06 Leather Archer Armor
59:48 Bodkin Arrow
Jarcor
6:48 Loom
10:06 Feudal Age
10:21 Man-at-Arms
19:14 Castle Age
19:05 Forging
18:56 Scale Mail Armor
26:50 Long Swordsman
32:13 Double-Bit Axe
32:23 Gold Mining
32:19 Horse Collar
33:21 Murder Holes
35:36 Wheelbarrow
36:30 Arson
38:05 Iron Casting
37:24 Fletching
38:10 Iron Casting
38:13 Gambesons
40:19 Fortified Wall
40:30 Ballistics
41:44 Gold Shaft Mining
43:35 Pikeman
46:47 Bodkin Arrow
47:10 Chain Mail Armor
56:16 Fervor
Connection lost

Rejoining the realm…

Still unreachable

The connection could not be restored.

Session expired

The server has moved on; the page needs a fresh start.